 Dungeon Crawl Stone Soup version 0.31-a0-246-g8cbcc1cb85 (webtiles) character file.

Game seed: 5357120106395117992

110 qw the Shooter (level 4, -13/36 HPs)
             Began as a Minotaur Hexslinger on July 12, 2023.
             Mangled by Terence
             ... wielding a +2 heavy flail
              (15 damage)
             ... on level 3 of the Dungeon.
             The game lasted 00:00:51 (2214 turns).

qw the Shooter (Minotaur Hexslinger)                Turns: 2214, Time: 00:00:52

Health: -13/36     AC:  6    Str: 12    XL:     4   Next: 61%
Magic:  4/4        EV: 11    Int: 10    God:
Gold:   139        SH:  0    Dex: 15    Spells: 4/5 levels left

rFire   . . .        Y - +1 sling
rCold   . . .        (no shield)
rNeg    . . .        h - +0 ring mail
rPois   .            (helmet restricted)
rElec   .            (no cloak)
rCorr   .            (no gloves)
SInv    .            e - +0 pair of boots
Will    .....        (no amulet)
Stlth   +            (no ring)
HPRegen 0.26/turn    (no ring)
MPRegen 0.09/turn

%: no passive effects
@: no status effects
A: horns 2, retaliatory headbutt
a: no special abilities


You were on level 3 of the Dungeon.
You visited 1 branch of the dungeon, and saw 3 of its levels.

You collected 139 gold pieces.


Innate Abilities, Weirdness & Mutations

You have a pair of horns on your head.
You reflexively headbutt those who attack you in melee.


   Skills:
 + Level 2.0 Fighting
 - Level 5.0 Ranged Weapons
 - Level 1.2 Armour
 - Level 2.1 Dodging
 - Level 1.0 Spellcasting
 - Level 2.0 Hexes


You had 4 spell levels left.
You knew the following spells:

 Your Spells              Type           Power      Damage    Failure   Level
a - Slow                  Hex            16%        N/A       34%         1

Your spell library contained the following spells:

 Spells                   Type           Power      Damage    Failure   Level
 Inner Flame              Hex/Fire       2%         N/A       83%         3
 Portal Projectile        Hex/Tloc       4%         N/A       83%         3
 Cause Fear               Hex            2%         N/A       98%         4

Inventory:

Hand Weapons
 Y - a +1 sling (weapon)
Armour
 e - a +0 pair of boots (worn)
 h - a +0 ring mail (worn)
Scrolls
 f - 2 scrolls of identify

Dungeon Overview and Level Annotations

Branches:
Dungeon (3/15)

Altars:
Hepliaklqana
Xom

Shops:
D:1 *

Annotations:
D:3 Terence


Message History

a +0 sling; a +0 dagger; a goblin corpse
There is a stone staircase leading down here.
Terence is nearby!
Enter note:
Enter note: You shoot a sling bullet.
The sling bullet barely misses Terence.
Terence shouts!
You shoot a sling bullet.
The sling bullet completely misses Terence.
You shoot a sling bullet.
The sling bullet hits Terence but does no damage.
You shoot a sling bullet.
The sling bullet hits Terence but does no damage.
You shoot a sling bullet. The sling bullet barely misses Terence.
Terence hits you with a +2 heavy flail!!
Ouch! That really hurt!
You shoot a sling bullet.
The sling bullet hits Terence but does no damage.
Terence barely misses you. You furiously retaliate!
You headbutt Terence! You shoot a sling bullet.
The sling bullet hits Terence but does no damage.
Terence is moderately wounded.
Terence hits you with a +2 heavy flail!
You shoot a sling bullet.
The sling bullet hits Terence but does no damage.
Terence is moderately wounded.
You shoot a sling bullet. The sling bullet hits Terence.
Terence is heavily wounded.
Terence hits you with a +2 heavy flail.
You shoot a sling bullet. The sling bullet barely misses Terence.
Terence completely misses you. You furiously retaliate!
You headbutt Terence, but do no damage. You shoot a sling bullet.
The sling bullet hits Terence but does no damage.
Terence is heavily wounded.
Terence hits you with a +2 heavy flail.
You shoot a sling bullet. The sling bullet hits Terence.
Terence is severely wounded.
Terence hits you with a +2 heavy flail!
You die...

##############
#......##....###
####.##.).+.......####
#.....#...##....#.....
#.#..................#
#.#.........%....###..
####.#.............##
##.
#....###@@.....#...#
#.
#........#....#..###
## #....#####....#.##
#....# #.##...# ######
#. ##..# . . #. ..


You could see Terence.

Vanquished Creatures
  Robin (D:2)
  3 adders
  A worm (D:3)
  2 dart slugs
  4 bats
  5 endoplasms
  3 giant cockroaches
  9 goblins
  9 hobgoblins
  3 jackals (D:1)
  3 kobolds
  2 quokkas (D:2)
  4 ball pythons
  6 frilled lizards
  5 rats
60 creatures vanquished.

Notes
Turn   | Place    | Note
-------+----------+-------------------------------------------
     0 | D:1      | qw the Minotaur Hexslinger began the quest for the Orb.
     0 | D:1      | Reached XP level 1. HP: 16/16 MP: 1/1
     0 | D:1      | 0 ||| qw: Version: 0.3-a-52-g30416fa
     0 | D:1      | 0 ||| qw: Game counter: 6223
     0 | D:1      | 0 ||| qw: Melee chars always use a shield: true
     0 | D:1      | 0 ||| qw: God list: Okawaru
     0 | D:1      | 0 ||| qw: Allow faded altars: false
     0 | D:1      | 0 ||| qw: Do Orc after clearing Dungeon:15 true
     0 | D:1      | 0 ||| qw: Do second Lair branch before Depths: true
     0 | D:1      | 0 ||| qw: Lair rune preference: random
     0 | D:1      | 0 ||| qw: Goals: Normal
     0 | D:1      | 0 ||| PLANNING D:1-11
   133 | D:1      | Reached skill level 3 in Ranged Weapons
   136 | D:1      | Reached XP level 2. HP: 23/23 MP: 2/2
   164 | D:1      | 164 ||| FLEEEEING.
   165 | D:1      | 165 ||| FLEEEEING.
   166 | D:1      | 166 ||| FLEEEEING.
   257 | D:1      | Found Ustrecoreb's Assorted Antiques.
   265 | D:1      | 265 ||| SHOPLISTING 2 blue potions (45 gold, have 14).
   265 | D:1      | 265 ||| SHOPLISTING brown potion (22 gold, have 14).
   265 | D:1      | 265 ||| SHOPLISTING copper wand (100 gold, have 14).
   265 | D:1      | 265 ||| SHOPLISTING embroidered robe (92 gold, have 14).
   265 | D:1      | 265 ||| SHOPLISTING metallic cyan potion (22 gold, have
                  | 14).
   265 | D:1      | 265 ||| SHOPLISTING puce potion (22 gold, have 14).
   265 | D:1      | 265 ||| SHOPLISTING silvery potion (22 gold, have 14).
   265 | D:1      | Found a faded altar of an unknown god.
   857 | D:1      | 857 ||| READING scroll labelled YTITIO DOCZUIN.
   901 | D:1      | 901 ||| READING scroll labelled JIDAUN RIEV.
   904 | D:1      | 904 ||| READING 2 scrolls labelled UTYZOX DIWUHA.
   905 | D:1      | 905 ||| DROPPING scroll of poison.
  1030 | D:2      | Reached XP level 3. HP: 29/29 MP: 3/3
  1133 | D:2      | Found a hazy altar of Hepliaklqana.
  1150 | D:2      | Reached skill level 4 in Ranged Weapons
  1620 | D:2      | 1620 ||| UPGRADING to +0 pair of boots.
  1625 | D:2      | 1625 ||| UPGRADING to +0 ring mail.
  1635 | D:2      | 1635 ||| DROPPING +0 robe.
  1636 | D:2      | 1636 ||| READING 3 scrolls labelled TOCARHALEFF.
  1637 | D:2      | 1637 ||| READING scroll labelled ZUELOU TEDE.
  1638 | D:2      | 1638 ||| READING scroll labelled ITHRULLU BOEJ.
  1639 | D:2      | 1639 ||| DRINKING 2 metallic cyan potions.
  1640 | D:2      | 1640 ||| READING 4 scrolls of identify.
  1640 | D:2      | 1640 ||| IDENTIFYING black potion
  1641 | D:2      | 1641 ||| READING 3 scrolls of identify.
  1641 | D:2      | 1641 ||| IDENTIFYING metallic golden potion
  1642 | D:2      | 1642 ||| DROPPING 2 scrolls of noise.
  1643 | D:2      | 1643 ||| DROPPING potion of attraction.
  1644 | D:2      | 1644 ||| DROPPING potion of brilliance.
  1645 | D:2      | 1645 ||| DROPPING potion of berserk rage.
  1664 | D:3      | 1664 ||| STAIRDANCE
  1682 | D:3      | Noticed Robin
  1686 | D:3      | 1686 ||| STAIRDANCE
  1691 | D:2      | Killed Robin
  1692 | D:2      | Reached skill level 1 in Armour
  1692 | D:2      | Reached XP level 4. HP: 12/36 MP: 4/4
  1891 | D:3      | Noticed Terence
  1903 | D:3      | HP: 3/36 [Terence/+2 heavy flail (14)]
  1904 | D:3      | 1904 ||| READING scroll of teleportation.
  2130 | D:3      | Found a shimmering altar of Xom.
  2185 | D:3      | Reached skill level 5 in Ranged Weapons
  2209 | D:3      | HP: 9/36 [Terence/+2 heavy flail (9)]
  2213 | D:3      | HP: 1/36 [Terence/+2 heavy flail (4)]
  2214 | D:3      | Mangled by Terence

Levels and vault maps discovered:
D:1:      dpeg_arrival_rooms_a, layout_basic,
          hellmonk_ecumenical_altar_arch_garden, serial_shops, shop
D:2:      layout_basic, basic_altar
D:3:      cheibrodos_greedy_goblins, layout_basic, xom_teletrap_fun, uniq_robin,
          uniq_terence

Skill      XL: |  1  2  3  4 |
---------------+-------------+-----
Ranged Weapons | 3 4 5 |  5.0
Fighting       | 2 |  2.0
Armour         | 1 |  1.2
Dodging        | |  2.1
Spellcasting   | |  1.0
Hexes          | |  2.0

Action                     |  1- 3 |  4- 6 || total
---------------------------+-------+-------++-------
   Fire: Sling             |   126 |    70 ||   196
    Use: Scroll            |     8 |     1 ||     9
         Potion            |     1 |       ||     1
 Armour: Robe              |     4 |       ||     4
         Ring mail         |     6 |    19 ||    25
  Dodge: Dodged            |    31 |    27 ||    58

Table legend:
 A = Non-vault XP
 B = Vault XP
 C = Vault XP percentage of total XP
 D = Non-vault monster count
 E = Vault monster count
 F = Vault count percentage of total count
                 A         B        C        D         E       F
            +---------+---------+-------+---------+---------+-------
      Total |     133 |      25 |  15.8 |      54 |       6 |  10.0
            +---------+---------+-------+---------+---------+-------
        D:1 |      39 |       0 |   0.0 |      24 |       0 |   0.0
        D:2 |      44 |      21 |  32.3 |      17 |       4 |  19.0
        D:3 |      50 |       4 |   7.4 |      13 |       2 |  13.3
            +---------+---------+-------+---------+---------+-------
